Map: 克哈裂痕

Players

二年级二班永亮

  • Race: Zerg Zerg
  • League: Gold

悲觞乁述祱微笑

  • Race: Terran Terran
  • Spawn Location: 7:00

VOD

Have the link to the VOD?

Description

Time

  • Played on: March 30, 2018, 6:19 p.m.
  • Length: 16:43
Show
View Real Time Build Order
Export as new Build Order

二年级二班永亮 Zerg 

Build Orders:  

Get SALT Encoding   

  12  0:03  Infested SCV  
  13  0:11  Infested SCV  
  13  0:17  Infested SCV  
  15  0:30  Overlord  
  15  0:49  Infested Barracks  
  15  0:55  Infested SCV  
  15  0:57  Infested SCV  
  17  1:05  Infested SCV  
  18  1:21  Infested SCV  
  19  1:37  Overlord  
  19  1:54  Infested Bunker  
  23  2:02  Infested SCV  
  23  2:09  Infested SCV  
  25  2:25  Infested SCV  
  26  2:43  Infested SCV  
  27  2:52  Infested Command Center  
  27  3:00  Infested SCV  
  28  3:11  Infested Engineering Bay  
  28  3:14  Infested Refinery  
  28  3:15  Infested SCV  
  28  3:19  Infested Refinery  
  29  3:29  Infested SCV  
  30  3:31  Infested Bunker  
  30  3:46  Infested SCV  
  31  4:04  Overlord  
  31  4:17  Infested Factory  
  31  4:31  Infested SCV  
  31  4:34  Infested SCV  
  33  4:44  Infested Command Center  
  33  4:47  Infested SCV  
  33  4:48  Infested SCV x2  
  33  4:49  Infested SCV  
  37  5:00  Infested SCV  
  38  5:43  Infested SCV x3  
  38  5:44  Infested Bunker  
  38  5:45  Infested SCV  
  38  5:46  Infested SCV x2  
  48  6:14  Infested SCV  
  48  6:15  Infested SCV  
  48  6:19  Infested Bunker  
  54  6:22  Infested Starport  
  54  6:25  Overlord  
  54  6:26  Overlord  
  54  6:40  Infested Barracks Tech Lab  
  54  6:42  Anaerobic Enhancement  
  54  6:58  Infested Starport  
  54  7:12  Infested SCV x4  
  54  7:15  Infested Armory  
  62  7:22  Infested Bunker  
  62  7:24  Infested Starport Tech Lab  
  62  7:31  Plagued Munitions  
  62  7:44  Infested Refinery  
  62  7:45  Infested SCV x2  
  64  7:53  Infested Starport Tech Lab  
  64  7:58  Infested Bunker  
  64  7:59  Overlord  
  68  8:00  Overlord x2  
  68  8:08  Overlord x2  
  68  8:09  Overlord  
  68  8:21  Calcified Armor  
  68  8:23  Stukov Vehicle and Ship Weapons Level 1  
  68  8:29  Infested Banshee  
  71  8:42  Infested Bunker  
  75  8:50  Aggressive Incubation  
  75  8:53  Infested Bunker  
  75  9:08  Infested Refinery  
  75  9:10  Infested SCV x2  
  75  9:11  Infested SCV  
  78  9:21  Overlord x2  
  78  9:23  Overlord x2  
  78  9:24  Overlord x2  
  78  9:29  Infested Banshee  
  81  9:45  Infested Banshee x2  
  87  9:56  Infested Banshee  
  90  10:45  Infested Banshee x3  
  90  10:46  Infested Banshee  
  106  11:04  Overlord x3  
  106  11:07  Infested Bunker  
  110  11:38  Stukov Vehicle and Ship Weapons Level 2  
  110  11:41  Infested Banshee x2  
  116  11:55  Infested Bunker  
  116  11:58  Infested Banshee  
  116  12:01  Infested Banshee  
  119  12:11  Infested Bunker  
  123  12:22  Infested Banshee  
  123  12:29  Overlord x2  
  126  12:30  Overlord x3  
  126  12:48  Infested Banshee x2  
  132  13:03  Infested Banshee  
  132  13:09  Infested Banshee  
  138  13:29  Infested Banshee  
  141  13:31  Infested Banshee  
  141  13:38  Infested Bunker  
  148  14:13  Infested Banshee  
  148  14:14  Infested Banshee x2  
  154  14:24  Braced Exoskeleton  
  154  14:34  Infested Bunker  
  154  14:39  Infested Banshee  
  165  15:25  Infested Bunker  
Show
View Real Time Build Order
Export as new Build Order

悲觞乁述祱微笑 Terran 

Build Orders:  

Get SALT Encoding   

  12  1:03  Supply Depot  
Tags
 
Commander
RaynorStukov
League
Gold
Matchup
Co-op
Replay Pack
Co-op Speedrun
Add a new tag
Caveats
  • Supply blocks, unpowered buildings, or Contaminate may cause inaccurate times.
  • Supply counts are checked every 10 seconds.